 Dungeon Crawl Stone Soup version 0.25-b1-46-gb8a1ec05df (webtiles) character file.

Game seed: 2203506024659115037

293 Angani the Slinger (level 6, -1/39 HPs)
             Began as a Halfling Hunter on June 11, 2020.
             Slain by an ogre
             ... wielding a +0 giant club
              (15 damage)
             ... on level 4 of the Dungeon.
             The game lasted 00:06:33 (3199 turns).

Angani the Slinger (Halfling Hunter)                Turns: 3199, Time: 00:06:34

Health: -1/39      AC:  4    Str: 13    XL:     6   Next: 60%
Magic:  6/6        EV: 18    Int:  9    God:
Gold:   263        SH:  0    Dex: 17    Spells: 5/5 levels left

rFire    . . .     SeeInvis .   a - +1 hunting sling
rCold    . . .     Gourm    .   (shield restricted)
rNeg     + . .     Faith    .   c - +1 leather armour
rPois    .         Spirit   .   (no helmet)
rElec    .         Reflect  .   (no cloak)
rCorr    .         Harm     .   (no gloves)
MR       .....                  (no boots)
Stlth    ++........             (no amulet)
HPRegen  0.13/turn              i - ring of positive energy
MPRegen  0.10/turn              b - +4 ring of evasion

@: no status effects
A: small, mutation resistance 1
a: no special abilities


You were on level 4 of the Dungeon.
You were not hungry.

You visited 1 branch of the dungeon, and saw 4 of its levels.

You collected 263 gold pieces.

Inventory:

Hand Weapons
 a - a +1 hunting sling (weapon)
 u - a +1 falchion of venom
Missiles
 d - 14 sling bullets (quivered)
 l - 115 stones
Armour
 c - a +1 leather armour (worn)
Jewellery
 b - a +4 ring of evasion (right hand)
 i - a ring of positive energy (left hand)
 n - an uncursed ring of positive energy
Scrolls
 h - a scroll of enchant armour
 j - 2 scrolls of remove curse
 m - 2 scrolls of amnesia
Potions
 e - 3 potions of curing
 k - a potion of flight
 r - a potion of might {unknown}
Comestibles
 f - 4 rations
 g - 11 chunks of flesh


   Skills:
 - Level 1.7 Fighting
 + Level 10.5 Slings
 - Level 2.1 Dodging
 - Level 1.1 Stealth


You had 5 spell levels left.
You didn't know any spells.
Your spell library was empty.

Dungeon Overview and Level Annotations

Branches:
Dungeon (4/15)
 Temple: D:4-7

Altars:
Dithmenos
Hepliaklqana
Kikubaaqudgha
Makhleb
Nemelex Xobeh
Uskayaw
The Shining One


Innate Abilities, Weirdness & Mutations

You are small and have problems with some larger weapons.
You are somewhat resistant to further mutation.


Message History

The ogre is almost dead.
Firing (i - inventory. (/) - cycle)
d - 17 sling bullets (quivered)
Press: ? - help, Shift-Dir - straight line, f/p - ogre
Aim: an ogre, wielding a +0 giant club (almost dead)
You shoot a sling bullet.
The sling bullet barely misses the ogre.
The ogre hits you with a +0 giant club!!
Ouch! That really hurt!
Firing (i - inventory. (/) - cycle)
d - 16 sling bullets (quivered)
Press: ? - help, Shift-Dir - straight line, f/p - ogre
Aim: an ogre, wielding a +0 giant club (almost dead)
You shoot a sling bullet.
The sling bullet barely misses the ogre.
Firing (i - inventory. (/) - cycle)
d - 15 sling bullets (quivered)
Press: ? - help, Shift-Dir - straight line, f/p - ogre
Aim: an ogre, wielding a +0 giant club (almost dead)
You shoot a sling bullet.
The sling bullet barely misses the ogre.
The ogre hits you with a +0 giant club!
You die...

#.##......# #....#......
#.##......# #<...#.#.#.#
#.##......# #....#.#.<..
#.##....÷#####+#.#.#....
#...÷...)......#.#.#....
##.......#####...#.#.###
#.#.....# ##..#.#^.
#######'####### #..#.###
#......((((O@.# #..#..
#.....(.......# ##.#
#....(........# #..
#....#####....# ####
#.....)# .....#
#......#......#
+..####≈####..+ #.. .#(.
...# #.. ...


You could see an ogre.

Vanquished Creatures
  An orc wizard (D:4)
  2 orc priests (D:3)
  A bullfrog skeleton (D:4)
  7 gnolls
  2 adders (D:3)
  2 worms (D:2)
  A dart slug (D:1)
  3 leopard geckos
  10 orcs
  3 giant cockroaches
  6 goblins
  4 hobgoblins
  4 jackals (D:4)
  4 quokkas
  A ball python (D:4)
  10 bats
  3 frilled lizards
  6 kobolds
  4 rats
74 creatures vanquished.

Notes
Turn   | Place    | Note
-------+----------+-------------------------------------------
     0 | D:1      | Angani the Halfling Hunter began the quest for the Orb.
     0 | D:1      | Reached XP level 1. HP: 14/14 MP: 1/1
    87 | D:1      | Reached skill level 6 in Slings
   224 | D:1      | Reached XP level 2. HP: 19/19 MP: 2/2
  1032 | D:2      | Reached skill level 7 in Slings
  1032 | D:2      | Reached XP level 3. HP: 20/24 MP: 3/3
  1550 | D:2      | Found a hazy altar of Hepliaklqana.
  1737 | D:3      | Reached XP level 4. HP: 29/29 MP: 4/4
  1753 | D:3      | Reached skill level 8 in Slings
  2120 | D:3      | Reached XP level 5. HP: 32/34 MP: 5/5
  2208 | D:3      | Reached skill level 9 in Slings
  2640 | D:3      | Found a shadowy altar of Dithmenos.
  2646 | D:3      | Reached XP level 6. HP: 39/39 MP: 6/6
  2668 | D:3      | Reached skill level 10 in Slings
  2779 | D:3      | Found a glowing golden altar of the Shining One.
  2779 | D:3      | Found a hide-covered altar of Uskayaw.
  2780 | D:3      | Found a burning altar of Makhleb.
  3086 | D:4      | Found a sparkling altar of Nemelex Xobeh.
  3086 | D:4      | Found an ancient bone altar of Kikubaaqudgha.
  3171 | D:4      | Noticed an ogre
  3199 | D:4      | Slain by an ogre

Illustrated notes

Levels and vault maps discovered:
D:1:      elethiomel_arrival_maze, layout_loops_ring
D:2:      layout_rooms, lemuel_coloured_pillars_altar, roderic_lattice_a
D:3:      layout_rooms, nicolae_dithmenos_shadow_blocks,
          gammafunk_temple_overflow_claw
D:4:      kennysheep_goblin_castle, layout_basic, grunt_temple_overflow_open,
          first_ration, grunt_ministairs_4, kennysheep_generic_room_16

Skill      XL: |  1  2  3  4  5  6 |
---------------+-------------------+-----
Slings         | 6 7 8 9 10 | 10.5
Fighting       | |  1.7
Dodging        | |  2.1
Stealth        | |  1.1

Action                   |  1- 3 |  4- 6 || total
-------------------------+-------+-------++-------
 Fire: Hunting sling     |    86 |   184 ||   270
  Use: Scroll            |       |     9 ||     9
  Eat: Chunk             |     2 |     5 ||     7
Armor: Leather armour    |     5 |     4 ||     9
Dodge: Dodged            |    13 |    49 ||    62
